 Dungeon Crawl Stone Soup version 0.31-a0-988-g08d55dae12 (webtiles) character file.

Game seed: 1494719189785808504

167 Pixllover the Sneak (level 5, -3/27 HPs)
             Began as a Spriggan Brigand on Nov 4, 2023.
             Slain by a black bear (5 damage)
             ... on level 4 of the Dungeon.
             The game lasted 00:06:12 (3077 turns).

Pixllover the Sneak (Spriggan Brigand)              Turns: 3077, Time: 00:06:13

Health: -3/27      AC:  3    Str:  7    XL:     5   Next: 23%
Magic:  6/6        EV: 18    Int: 13    God:
Gold:   188        SH:  0    Dex: 18    Spells: 4/4 levels left

rFire   . . .        a - +2 dagger
rCold   . . .        (no shield)
rNeg    . . .        b - +0 robe
rPois   .            (helmet restricted)
rElec   .            v - +0 cloak
rCorr   +            (gloves unavailable)
SInv    +            (boots unavailable)
Will    .....        w - amulet of regeneration
Stlth   ++++         p - ring of resist corrosion
HPRegen 1.04/turn    (no ring)
MPRegen 0.10/turn

%: no passive effects
@: very quick
A: very small, no large weapons, unfitting armour, see invisible, speed 3
a: no special abilities


You were on level 4 of the Dungeon.
You visited 1 branch of the dungeon, and saw 6 of its levels.

You collected 188 gold pieces.

Inventory:

Hand Weapons
 a - a +2 dagger (weapon)
Missiles
 d - 8 poisoned darts (quivered)
 e - 3 curare-tipped darts
Armour
 b - a +0 robe (worn)
 v - a +0 cloak (worn)
Jewellery
 p - a ring of resist corrosion (left hand)
 w - an amulet of regeneration (around neck)
Wands
 u - a wand of flame (11)
Scrolls
 c - a scroll of brand weapon {unknown}
 g - 2 scrolls of teleportation
 h - a scroll of enchant weapon {unknown}
 k - 2 scrolls of revelation {unknown}
 l - 2 scrolls of enchant armour {unknown}
 n - a scroll of fog {unknown}
 q - 3 scrolls of poison {unknown}
 r - a scroll of identify {unknown}
 s - a scroll of blinking {unknown}
Potions
 f - a potion of curing {unknown}
 i - 5 potions of heal wounds {unknown}
 j - a potion of mutation {unknown}
 m - a potion of magic {unknown}
 o - 2 potions of invisibility {unknown}
 t - a potion of haste {unknown}


   Skills:
 + Level 2.5 Fighting
 + Level 3.5 Short Blades
 + Level 2.1 Throwing
 + Level 2.9 Dodging
 + Level 7.5 Stealth


You had 4 spell levels left.
You didn't know any spells.
Your spell library contained the following spells:

 Spells                   Type           Power      Damage    Failure   Level
 Stone Arrow              Conj/Erth      0%         3d7       67%         3
 Animate Armour           Summ/Erth      0%         N/A       97%         4
 Vhi's Electric Charge    Tloc/Air       0%         N/A       97%         4
 Arcjolt                  Conj/Air       0%         1d10      100%        5
 Plasma Beam              Fire/Air       0%         2x1d10    100%        6
 Lehudib's Crystal Spear  Conj/Erth      0%         10d2      100%        8


Dungeon Overview and Level Annotations

Branches:
Dungeon (6/15)
 Temple: D:4-7

Altars:
Vehumet

Shops:
D:3 =

Annotations:
D:4 Pikel


Innate Abilities, Weirdness & Mutations

You are very small and have problems with some larger weapons.
You are too small for most types of armour.
You have supernaturally acute eyesight. (SInv)
You cover ground extremely quickly. (Speed+++)


Message History

The black bear closely misses you. The black bear barely misses you.
The black bear misses you.
You hit the black bear.
The black bear is heavily wounded.
The black bear bites you.
The black bear claws you but does no damage.
The black bear claws you.
You hit the black bear but do no damage.
The black bear is heavily wounded.
You hit the black bear.
The black bear is severely wounded.
The black bear closely misses you. x3
You hit the black bear.
The black bear is almost dead.
The black bear goes berserk!
You barely miss the black bear.
The black bear is almost dead.
The black bear bites you. The black bear completely misses you.
The black bear claws you.
You hit the black bear but do no damage.
The black bear is almost dead.
The black bear bites you. The black bear closely misses you.
The black bear misses you. The black bear closely misses you.
The black bear barely misses you. The black bear claws you.
* * * LOW HITPOINT WARNING * * *
You hit the black bear.
The black bear is almost dead.
The black bear barely misses you. x2; The black bear closely misses you.
You hit the black bear but do no damage.
The black bear is almost dead.
The black bear closely misses you. The black bear claws you.
* * * LOW HITPOINT WARNING * * *
The black bear claws you but does no damage.
You hit the black bear but do no damage.
Your punch misses the black bear.
The black bear is almost dead.
The black bear bites you.
* * * LOW HITPOINT WARNING * * *
The black bear claws you.
You die...

#.# #.####...#..####
#.# #.##............
#.# #.##.#######รท.##
#.# .##.########..#
#.# #.##.....##.# #.#
#.##.....##.. #.#
##'##.....####
##.#######.#.........#
#.
#...K...@h.#.....#####
#. ##########.#.....#
#. #.....# #. #.....#
#. ####.....# #.
#.....#### #. #.#####
#. #.# #. #.# #.


You could see Pikel and a black bear (berserk).

Vanquished Creatures
  A bullfrog (D:6)
  Crazy Yiuf (D:4)
  2 worms (D:3)
  2 dart slugs (D:4)
  2 orcs (D:4)
  5 bats
  8 endoplasms
  3 giant cockroaches
  5 goblins
  9 hobgoblins
  3 jackals (D:2)
  5 kobolds
  3 quokkas
  9 ball pythons
  3 frilled lizards
  A rat (D:1)
62 creatures vanquished.

Notes
Turn   | Place    | Note
-------+----------+-------------------------------------------
     0 | D:1      | Pixllover the Spriggan Brigand began the quest for the Orb.
     0 | D:1      | Reached XP level 1. HP: 10/10 MP: 2/2
    33 | D:1      | Reached skill level 6 in Stealth
   187 | D:1      | Reached XP level 2. HP: 15/15 MP: 3/3
  1046 | D:2      | Reached XP level 3. HP: 18/18 MP: 4/4
  1893 | D:3      | You fall into a shaft and drop 3 floors!
  1913 | D:6      | Noticed an ogre
  1996 | D:6      | Noticed a bullfrog
  2005 | D:6      | Killed a bullfrog
  2006 | D:6      | Reached skill level 7 in Stealth
  2006 | D:6      | Reached XP level 4. HP: 23/23 MP: 5/5
  2010 | D:5      | Entered Level 5 of the Dungeon
  2010 | D:5      | Noticed a phantom
  2201 | D:3      | Found Ytamoamm's Jewellery Shop.
  2611 | D:4      | Found a radiant altar of Vehumet.
  2739 | D:4      | Found a runed translucent door.
  2740 | D:4      | Noticed Crazy Yiuf
  2747 | D:4      | Killed Crazy Yiuf
  2748 | D:4      | Reached XP level 5. HP: 27/27 MP: 6/6
  3032 | D:4      | Noticed Pikel
  3032 | D:4      | Noticed a lemure
  3032 | D:4      | Noticed a lemure
  3032 | D:4      | Noticed a lemure
  3058 | D:4      | Noticed a black bear
  3077 | D:4      | Slain by a black bear

Illustrated notes

Levels and vault maps discovered:
D:1:      minmay_arrival_plants_in_alcoves, layout_loops_corners,
          palyth_stone_intersect
D:2:      layout_basic, serial_glass, glass_columns_a, glass_columns_b
D:3:      layout_rooms, serial_shops, nicolae_square_shop
D:4:      layout_basic, vehumet_altar_wand_db, corexii_checkpoint,
          minmay_misc_feat_five, uniq_crazy_yiuf_cottage, uniq_pikel
D:5:      layout_loops_ring, nicolae_dithmenos_through_a_glass_darkly,
          kennysheep_generic_room_2
D:6:      layout_basic

Skill      XL: |  1  2  3 |
---------------+----------+-----
Stealth        | 6 7 |  7.5
Short Blades   | 3 |  3.5
Dodging        | 2 |  2.9
Fighting       | 2 |  2.5
Throwing       | |  2.1

Action                     |  1- 3 |  4- 6 || total
---------------------------+-------+-------++-------
  Melee: Dagger            |   121 |    81 ||   202
         Punch             |     2 |     1 ||     3
  Throw: Dart              |       |     1 ||     1
    Use: Scroll            |     2 |       ||     2
   Stab: Sleeping          |    17 |     3 ||    20
         Distracted        |       |     1 ||     1
 Armour: Robe              |    28 |    31 ||    59
  Dodge: Dodged            |    92 |    55 ||   147

Table legend: (Time is in decaauts)
 A = Elapsed time spent in this place.
 B = Non-inter-level travel time spent in this place.
 C = Inter-level travel time spent in this place.
 D = Time resting spent in this place.
 E = Time spent auto-exploring this place.
 F = Levels seen in this place.
 G = Mean time per level.
                   A        B        C        D        E       F      G
               +--------+--------+--------+--------+--------+-----+--------+
         Total |   2014 |   1990 |     24 |    141 |   1144 |   6 |  335.7 |
       Dungeon |   2014 |   1990 |     24 |    141 |   1144 |   6 |  335.7 |
               +--------+--------+--------+--------+--------+-----+--------+

Top non-repeatable levels by time:
     D:1: 660 daAuts
     D:2: 464 daAuts
     D:4: 417 daAuts
     D:3: 396 daAuts
     D:6: 72 daAuts
     D:5: 4 daAuts
